 Dungeon Crawl Stone Soup version 0.31-a0-246-g8cbcc1cb85 (webtiles) character file.

Game seed: 13287785792178096545

4650 qw the Skirmisher (level 10, -9/88 HPs)
             Began as a Minotaur Hexslinger on July 12, 2023.
             Was a Priest of Okawaru.
             Mangled by Pikel
             ... wielding a +1 whip of electrocution
              (18 damage)
             ... on level 8 of the Dungeon.
             The game lasted 00:03:10 (8031 turns).

qw the Skirmisher (Minotaur Hexslinger)             Turns: 8031, Time: 00:03:10

Health: -9/88      AC:  8    Str: 12    XL:     10   Next: 20%
Magic:  10/12      EV: 24    Int: 10    God:    Okawaru [***...]
Gold:   102        SH:  5    Dex: 18    Spells: 10/11 levels left

rFire   . . .        Y - +0 orcbow (freeze)
rCold   . . .        (shield currently unavailable)
rNeg    . . .        e - +0 steam dragon scales
rPois   +            (helmet restricted)
rElec   .            (no cloak)
rCorr   .            b - +0 pair of gloves
SInv    .            (no boots)
Will    .....        i - amulet of reflection
Stlth   +++          g - +5 ring of evasion
HPRegen 0.34/turn    k - ring of poison resistance
MPRegen 0.13/turn

%: reflection
@: about to teleport, heroic
A: horns 2, retaliatory headbutt
a: Renounce Religion, Heroism


You were on level 8 of the Dungeon.
You worshipped Okawaru.
Okawaru was most pleased with you.
You visited 2 branches of the dungeon, and saw 9 of its levels.

You collected 537 gold pieces.
You spent 435 gold pieces at shops.


Innate Abilities, Weirdness & Mutations

You have a pair of horns on your head.
You reflexively headbutt those who attack you in melee.


   Skills:
 - Level 8.0(13.0) Fighting
 + Level 12.3(17.3) Ranged Weapons
 - Level 3.1(8.1) Armour
 - Level 6.3(11.3) Dodging
 - Level 1.0 Spellcasting
 - Level 2.0 Hexes
 - Level 4.1 Invocations


You had 10 spell levels left.
You knew the following spells:

 Your Spells              Type           Power      Damage    Failure   Level
a - Slow                  Hex            16%        N/A       16%         1

Your spell library contained the following spells:

 Spells                   Type           Power      Damage    Failure   Level
 Inner Flame              Hex/Fire       2%         N/A       56%         3
 Portal Projectile        Hex/Tloc       4%         N/A       56%         3
 Cause Fear               Hex            2%         N/A       83%         4

Inventory:

Hand Weapons
 Y - a +0 orcbow of freezing (weapon)
Armour
 b - a +0 pair of gloves (worn)
 d - a +2 robe of fire resistance
 e - +0 steam dragon scales (worn)
 u - the +0 pair of gloves of Past Mistakes {rPois Dex+5 Slay+2}
   (You found it on level 8 of the Dungeon)

   Dex:       It affects your dexterity (+5).
   Slay:      It affects your accuracy & damage with ranged weapons and melee
   (+2).
   rPois:     It protects you from poison.
Jewellery
 f - a +4 ring of protection
 g - a +5 ring of evasion (left hand)
 i - an amulet of reflection (around neck)
 k - a ring of poison resistance (right hand)
Scrolls
 a - a scroll of identify
 q - a scroll of enchant weapon {unknown}
 t - a scroll of acquirement {unknown}
Potions
 c - a potion of magic {unknown}
 h - a potion of brilliance {unknown}
 j - 2 potions of enlightenment
 l - 7 potions of curing
 m - 3 potions of might
 n - a potion of heal wounds
 p - 2 potions of haste
 r - a potion of ambrosia {unknown}
 s - a potion of lignification {unknown}

Dungeon Overview and Level Annotations

Branches:
Dungeon (8/15)             Temple (1/1) D:4            Lair (0/5) D:8

Altars:
Ashenzari
Cheibriados
Dithmenos
Elyvilon
Fedhas
Hepliaklqana
Makhleb
Nemelex Xobeh
Okawaru
Ru
Trog
Vehumet
Wu Jian
Xom
Yredelemnul
Zin
The Shining One

Shops:
D:3 [   D:8 [?!:

Annotations:
D:8 Pikel


Message History

Something closely misses you.
You shoot an arrow. The arrow closely misses the lemure.
The lemure hits you. Something barely misses you.
You shoot an arrow.
The arrow hits the lemure but does no damage.
The lemure is moderately wounded.
The lemure barely misses you. You block something's attack.
You shoot an arrow.
The arrow hits the lemure but does no damage.
The lemure is moderately wounded.
The lemure hits you. Something hits you but does no damage.
You shoot an arrow. The arrow hits the lemure!
The arrow freezes the lemure.
The lemure is almost dead.
The lemure hits you. Something hits you.
You shoot an arrow.
The arrow hits the lemure but does no damage.
The lemure is almost dead.
The lemure completely misses you. Something hits you.
You shoot an arrow. The arrow completely misses the lemure.
You shoot an arrow. The arrow hits the lemure!
The arrow freezes the lemure.
You kill the lemure!
That felt strangely unrewarding.
Something hits you.
You shoot an arrow. The arrow hits the ice beast.
The ice beast is lightly wounded.
The ice beast closely misses you. Something hits you.
You are electrocuted!!
8028 ||| INVOKING Heroism.
You gain the combat prowess of a mighty hero.
The ice beast hits you. The ice beast freezes you.
Something closely misses you.
You shoot an arrow. The arrow hits the ice beast.
The ice beast is moderately wounded.
The ice beast misses you. Something barely misses you.
You shoot an arrow. The arrow hits the ice beast.
The ice beast is heavily wounded.
The ice beast misses you. Something hits you.
You are electrocuted!
8031 ||| READING scroll of teleportation.
As you read the scroll of teleportation, it crumbles to dust.
You feel strangely unstable. Something hits you!
You are electrocuted!!
You die...

#...........####...)'...#
### ##
#####.#..###...##..)###.#
##8# #.#.##.)##..#..%###.#
##8...
#...#..#.##.#.##....####....
#...#)##..#.#.##...)..#>....
##.#:#..##.#..##...##.##....
#.#.##.#..#..##)).##.##8...
#.#..##..##...+......# #8#
#.##...###@####...##.## ###
#. ####..Y{# #... #..# #.#
## ........# #### #..# #.#
##......# #######..# #.#
......... .........# #.#
...#..... .........###.#
.\.#..... .......#...... ..
#....#...............
.########.####


You could see an ice beast.

Vanquished Creatures
  Erica (D:8)
  A hornet (D:8)
  Prince Ribbit (D:8)
  4 wyverns (D:8)
  2 yaks (D:8)
  A steam dragon (D:5)
  A swamp drake (D:8)
  2 water moccasins
  An orc warrior (D:8)
  A sky beast (D:8)
  A black bear (D:8)
  3 ogres
  A centaur (D:5)
  4 lemures (D:8)
  A phantom (D:3)
  2 kobold brigands
  A bullfrog (D:7)
  3 scorpions
  5 wights (D:8)
  A killer bee (D:8)
  3 howler monkeys (D:6)
  A crimson imp (D:6)
  3 hounds (D:5)
  3 jellies
  4 orc priests (D:7)
  A gnoll bouda (D:6)
  2 sleepcaps (D:7)
  2 iguanas
  5 orc wizards
  Natasha (twice) (D:2)
  4 gnolls (D:6)
  7 adders
  2 shadow imps
  3 white imps
  2 ufetubi (D:5)
  2 worms (D:4)
  A dart slug (D:2)
  22 orcs
  11 endoplasms
  A giant cockroach (D:1)
  4 goblins
  5 hobgoblins
  5 jackals
  2 quokkas (D:2)
  8 ball pythons
  5 bats
  4 frilled lizards
  15 kobolds
  7 rats
173 creatures vanquished.

Notes
Turn   | Place    | Note
-------+----------+-------------------------------------------
     0 | D:1      | qw the Minotaur Hexslinger began the quest for the Orb.
     0 | D:1      | Reached XP level 1. HP: 16/16 MP: 1/1
     0 | D:1      | 0 ||| qw: Version: 0.3-a-52-g30416fa
     0 | D:1      | 0 ||| qw: Game counter: 6525
     0 | D:1      | 0 ||| qw: Melee chars always use a shield: true
     0 | D:1      | 0 ||| qw: God list: Okawaru
     0 | D:1      | 0 ||| qw: Allow faded altars: false
     0 | D:1      | 0 ||| qw: Do Orc after clearing Dungeon:15 true
     0 | D:1      | 0 ||| qw: Do second Lair branch before Depths: true
     0 | D:1      | 0 ||| qw: Lair rune preference: random
     0 | D:1      | 0 ||| qw: Goals: Normal
     0 | D:1      | 0 ||| PLANNING D:1-11
   259 | D:1      | Reached skill level 3 in Ranged Weapons
   259 | D:1      | Reached XP level 2. HP: 23/23 MP: 2/2
   641 | D:1      | 641 ||| UPGRADING to +0 leather armour.
   651 | D:1      | 651 ||| DROPPING +0 robe.
   652 | D:1      | 652 ||| UPGRADING to amulet of regeneration.
   657 | D:1      | 657 ||| READING 2 scrolls labelled YSUAHE BYTSAE.
   658 | D:1      | 658 ||| DROPPING scroll of poison.
   783 | D:2      | Found a faded altar of an unknown god.
   817 | D:2      | Reached XP level 3. HP: 29/29 MP: 3/3
   855 | D:2      | Reached skill level 4 in Ranged Weapons
  1151 | D:2      | 1151 ||| UPGRADING to amulet of reflection.
  1161 | D:2      | 1161 ||| DROPPING amulet of regeneration.
  1162 | D:2      | 1162 ||| UPGRADING to +4 ring of protection.
  1163 | D:2      | 1163 ||| UPGRADING to ring of poison resistance.
  1164 | D:2      | 1164 ||| READING scroll labelled SULYABLEAREPH.
  1265 | D:2      | 1265 ||| READING scroll labelled BUOMUE XOUDO.
  1271 | D:3      | Noticed Natasha
  1274 | D:3      | 1274 ||| STAIRDANCE
  1307 | D:3      | 1307 ||| STAIRDANCE
  1312 | D:2      | Killed Natasha
  1313 | D:2      | Reached XP level 4. HP: 31/36 MP: 4/4
  1343 | D:3      | Found Nuonn's Armour Shoppe.
  1351 | D:3      | 1351 ||| BUYING +0 pair of gloves (45 gold).
  1351 | D:3      | Bought a +0 pair of gloves for 45 gold pieces
  1351 | D:3      | 1351 ||| BUYING +0 ring mail (40 gold).
  1351 | D:3      | Bought a +0 ring mail for 40 gold pieces
  1351 | D:3      | 1351 ||| SHOPLISTING +0 troll leather armour (150 gold,
                  | have 13).
  1809 | D:3      | 1809 ||| FLEEEEING.
  1877 | D:3      | Reached skill level 5 in Ranged Weapons
  1881 | D:3      | Reached XP level 5. HP: 34/44 MP: 5/5
  2217 | D:3      | Reached skill level 3 in Fighting
  2409 | D:3      | 2409 ||| UPGRADING to +0 pair of gloves.
  2414 | D:3      | 2414 ||| UPGRADING to +0 ring mail.
  2424 | D:3      | 2424 ||| DROPPING +0 leather armour.
  2425 | D:3      | 2425 ||| READING scroll labelled BOSSEAN IKHIM.
  2426 | D:3      | 2426 ||| READING scroll labelled UCUZAG MOMA.
  2427 | D:3      | 2427 ||| READING scroll labelled KEZADI IQOUFUF.
  2428 | D:3      | 2428 ||| READING scroll labelled VYILUC NAVO.
  2429 | D:3      | 2429 ||| DRINKING 2 metallic golden potions.
  2433 | D:3      | 2433 ||| STAIRDANCE
  2435 | D:2      | Noticed Natasha
  2440 | D:2      | Killed Natasha
  2441 | D:2      | Reached skill level 1 in Armour
  2560 | D:2      | 2560 ||| DRINKING 4 brown potions.
  2561 | D:2      | 2561 ||| READING 2 scrolls of identify.
  2561 | D:2      | 2561 ||| IDENTIFYING fuming coppery potion
  2562 | D:2      | 2562 ||| DROPPING potion of attraction.
  2563 | D:2      | 2563 ||| DROPPING potion of berserk rage.
  2573 | D:4      | Noticed a phantom
  2575 | D:4      | 2575 ||| STAIRDANCE
  2591 | D:3      | Killed a phantom
  2592 | D:3      | Reached skill level 6 in Ranged Weapons
  2664 | D:4      | Reached XP level 6. HP: 52/52 MP: 6/6
  2816 | D:4      | Found a shadowy altar of Dithmenos.
  3093 | D:4      | Found a staircase to the Ecumenical Temple.
  3094 | D:4      | 3094 ||| PLANNING TEMPLE
  3102 | Temple   | Entered the Ecumenical Temple
  3102 | Temple   | Found a transporter.
  3102 | Temple   | Found a transporter.
  3104 | Temple   | Found a transporter.
  3104 | Temple   | Found a transporter.
  3114 | Temple   | 3114 ||| PLANNING D:1-11
  3129 | Temple   | 3129 ||| PLANNING OKAWARU WORSHIP
  3132 | Temple   | Became a worshipper of Warmaster Okawaru
  3133 | Temple   | 3133 ||| PLANNING D:1-11
  3489 | D:4      | Found a sacrificial altar of Ru.
  3632 | D:4      | Reached XP level 7. HP: 60/60 MP: 7/7
  3647 | D:4      | Reached skill level 7 in Ranged Weapons
  3718 | D:5      | Entered Level 5 of the Dungeon
  3898 | D:5      | Reached skill level 8 in Ranged Weapons
  4013 | D:5      | 4013 ||| SWAPPING to +0 orcbow.
  4014 | D:5      | 4014 ||| DROPPING +1 sling.
  4521 | D:5      | 4521 ||| READING scroll labelled CINEKI FORU.
  4522 | D:5      | 4522 ||| READING scroll labelled WEOSSU CAGOT.
  4562 | D:6      | Noticed a steam dragon
  4564 | D:6      | 4564 ||| STAIRDANCE
  4640 | D:6      | 4640 ||| STAIRDANCE
  4646 | D:5      | Killed a steam dragon
  4646 | D:5      | Reached * piety under Okawaru
  4647 | D:5      | Reached skill level 6 in Fighting
  4688 | D:5      | 4688 ||| UPGRADING to +0 steam dragon scales.
  4698 | D:5      | 4698 ||| DROPPING +0 ring mail.
  4917 | D:6      | Reached skill level 1 in Invocations
  4959 | D:6      | Reached XP level 8. HP: 70/70 MP: 8/8
  4988 | D:6      | Reached skill level 3 in Dodging
  4988 | D:6      | Found a sparkling altar of Nemelex Xobeh.
  5289 | D:6      | 5289 ||| FLEEEEING.
  5290 | D:6      | 5290 ||| FLEEEEING.
  5291 | D:6      | 5291 ||| FLEEEEING.
  5292 | D:6      | 5292 ||| FLEEEEING.
  5295 | D:6      | 5295 ||| STAIRDANCE
  5330 | D:5      | 5330 ||| DROPPING +6 ring of strength.
  5331 | D:5      | 5331 ||| UPGRADING to +5 ring of evasion.
  5333 | D:5      | 5333 ||| READING scroll labelled HIRILEN KUXZA.
  5336 | D:5      | 5336 ||| READING 2 scrolls of identify.
  5336 | D:5      | 5336 ||| IDENTIFYING bubbling inky potion
  5451 | D:6      | 5451 ||| INVOKING Heroism.
  5727 | D:6      | 5727 ||| INVOKING Heroism.
  5735 | D:6      | Reached skill level 3 in Invocations
  5803 | D:6      | Found a radiant altar of Vehumet.
  5813 | D:6      | Found a burning altar of Makhleb.
  5867 | D:6      | 5867 ||| READING scroll labelled FYX YTUNEJAE.
  5995 | D:7      | 5995 ||| INVOKING Heroism.
  6040 | D:7      | 6040 ||| Stepping ~*~*~tactically~*~*~ (outnumbered).
  6041 | D:7      | 6041 ||| INVOKING Heroism.
  6042 | D:7      | 6042 ||| Stepping ~*~*~tactically~*~*~ (outnumbered).
  6050 | D:7      | Reached skill level 9 in Ranged Weapons
  6060 | D:7      | 6060 ||| FLEEEEING.
  6234 | D:7      | 6234 ||| INVOKING Heroism.
  6290 | D:7      | 6290 ||| Stepping ~*~*~tactically~*~*~ (outnumbered).
  6295 | D:7      | 6295 ||| INVOKING Heroism.
  6303 | D:7      | Reached skill level 10 in Ranged Weapons
  6308 | D:7      | 6308 ||| INVOKING Heroism.
  6309 | D:7      | HP: 17/70 [orc priest/divine providence (13)]
  6310 | D:7      | 6310 ||| DRINKING potion of heal wounds.
  6754 | D:7      | 6754 ||| READING scroll labelled BIAMABBOIZU.
  6774 | D:8      | Noticed Erica
  6775 | D:8      | 6775 ||| INVOKING Heroism.
  6801 | D:8      | HP: 17/70 [something (8)]
  6803 | D:8      | HP: 7/70 [something (7)]
  6804 | D:8      | Killed Erica
  6804 | D:8      | Reached ** piety under Okawaru
  6805 | D:8      | Reached skill level 6 in Dodging
  6805 | D:8      | Reached XP level 9. HP: 7/75 MP: 11/11
  7106 | D:8      | 7106 ||| INVOKING Heroism.
  7219 | D:8      | Found a staircase to the Lair.
  7485 | D:8      | Reached skill level 11 in Ranged Weapons
  7503 | D:8      | Found a blossoming altar of Fedhas.
  7566 | D:8      | Found Pooruz's Distillery.
  7573 | D:8      | 7573 ||| BUYING 2 potions of curing (84 gold).
  7573 | D:8      | Bought 2 potions of curing for 84 gold pieces
  7573 | D:8      | 7573 ||| BUYING potion of enlightenment (70 gold).
  7573 | D:8      | Bought a potion of enlightenment for 70 gold pieces
  7573 | D:8      | 7573 ||| BUYING potion of enlightenment (70 gold).
  7573 | D:8      | Bought a potion of enlightenment for 70 gold pieces
  7573 | D:8      | 7573 ||| BUYING potion of heal wounds (70 gold).
  7573 | D:8      | Bought a potion of heal wounds for 70 gold pieces
  7573 | D:8      | 7573 ||| BUYING potion of might (56 gold).
  7573 | D:8      | Bought a potion of might for 56 gold pieces
  7586 | D:8      | Found Jyoff's Book Shoppe.
  7690 | D:8      | Noticed Prince Ribbit
  7691 | D:8      | 7691 ||| INVOKING Heroism.
  7703 | D:8      | Killed Prince Ribbit
  7726 | D:8      | Reached *** piety under Okawaru
  7733 | D:8      | Reached skill level 12 in Ranged Weapons
  7735 | D:8      | Reached XP level 10. HP: 82/86 MP: 12/12
  7760 | D:8      | Reached skill level 3 in Armour
  7798 | D:8      | Found Woinaer's Armour Shop.
  7811 | D:8      | 7811 ||| INVOKING Heroism.
  7996 | D:8      | Identified the +0 pair of gloves of Past Mistakes {rPois
                  | Dex+5 Slay+2}
  8006 | D:8      | Found Voutomp's Magic Scroll Shop.
  8007 | D:8      | Noticed Pikel
  8028 | D:8      | 8028 ||| INVOKING Heroism.
  8030 | D:8      | HP: 20/88 [something (10)]
  8031 | D:8      | 8031 ||| READING scroll of teleportation.
  8031 | D:8      | HP: 9/88 [something (12)]
  8031 | D:8      | Mangled by Pikel

Levels and vault maps discovered:
D:1:      onia_arrival_handbag, layout_loops_ring, dreamdust_princess_corridor
D:2:      layout_basic, ebering_ecumenical_altar_sacrificial
D:3:      cheibrodos_fertilizer, layout_loops_corners, serial_shops, shop,
          uniq_natasha
D:4:      layout_basic, nicolae_dithmenos_shadow_blocks,
          mainiacjoe_overflow_concentric_impassable,
          minmay_temple_entry_steel_oval, nicolae_hexahallways
D:5:      layout_basic
D:6:      layout_basic, grunt_temple_overflow_lords_of_destruction,
          mainiacjoe_overflow_brackets
D:7:      layout_basic
D:8:      layout_basic, mainiacjoe_overflow_surrounded_room,
          nicolae_overflow_hidden_temple, nicolae_overflow_macrodata_refinement,
          erik_lair_dragon, serial_shops, shop, shop, shop, nicolae_shop_stone,
          minmay_alternating_orb, uniq_pikel, uniq_erica, uniq_prince_ribbit1
Temple:   hellmonk_temple_divided_pantheon

Skill      XL: |  1  2  3  4  5  6  7  8  9 10 |
---------------+-------------------------------+-----
Ranged Weapons | 3 4 5 6 8 10 12 | 12.3
Fighting       | 2 3 4 6 7 8 |  8.0
Armour         | 1 2 3 |  3.1
Invocations    | 1 4 |  4.1
Dodging        | 6 |  6.3
Spellcasting   | |  1.0
Hexes          | |  2.0

Action                     |  1- 3 |  4- 6 |  7- 9 | 10-12 || total
---------------------------+-------+-------+-------+-------++-------
   Fire: Sling             |    88 |   172 |    67 |       ||   327
         Orcbow            |       |       |   309 |    70 ||   379
 Invoke: Heroism           |       |       |    10 |     2 ||    12
    Use: Scroll            |     3 |     5 |     6 |     1 ||    15
         Potion            |       |     2 |     1 |       ||     3
 Armour: Robe              |     4 |       |       |       ||     4
         Leather armour    |     6 |    12 |       |       ||    18
         Ring mail         |       |    19 |    56 |       ||    75
         Steam dragon scal |       |       |    20 |     3 ||    23
  Dodge: Dodged            |    28 |    49 |   128 |    23 ||   228
  Block: Other             |     4 |    19 |    39 |     2 ||    64
         Reflection        |       |     1 |     2 |       ||     3

Table legend:
 A = Non-vault XP
 B = Vault XP
 C = Vault XP percentage of total XP
 D = Non-vault monster count
 E = Vault monster count
 F = Vault count percentage of total count
                 A         B        C        D         E       F
            +---------+---------+-------+---------+---------+-------
      Total |    3075 |    3569 |  53.7 |     133 |      36 |  21.3
            +---------+---------+-------+---------+---------+-------
        D:1 |      17 |       5 |  22.7 |      12 |       4 |  25.0
        D:2 |      73 |      35 |  32.4 |      20 |       1 |   4.8
        D:3 |     133 |     108 |  44.8 |      16 |      13 |  44.8
        D:4 |     398 |       0 |   0.0 |      16 |       0 |   0.0
        D:5 |     537 |       0 |   0.0 |      14 |       0 |   0.0
        D:6 |     565 |      46 |   7.5 |      20 |       1 |   4.8
        D:7 |     798 |       0 |   0.0 |      23 |       0 |   0.0
        D:8 |     554 |    3375 |  85.9 |      12 |      17 |  58.6
            +---------+---------+-------+---------+---------+-------
